 Dungeon Crawl Stone Soup version 0.30.1-3-gfc49f6343a (webtiles) character file.

Game seed: 711311865796977952

56 LynnLen the Sneak (level 3, -1/16 HPs)
             Began as a Spriggan Enchanter on Aug 4, 2023.
             Killed by nerve-wracking pain
             ... invoked by Jessica
              (4 damage)
             ... on level 3 of the Dungeon.
             The game lasted 00:09:04 (2510 turns).

LynnLen the Sneak (Spriggan Enchanter)              Turns: 2510, Time: 00:09:05

Health: -1/16      AC:  2    Str:  4    XL:     3   Next: 69%
Magic:  8/8        EV: 17    Int: 24    God:
Gold:   39         SH:  5    Dex: 15    Spells: 0/8 levels left

rFire   . . .        h - +2 dagger (speed)
rCold   . . .        (no shield)
rNeg    . . .        b - +0 robe
rPois   .            (helmet restricted)
rElec   .            (no cloak)
rCorr   .            (gloves unavailable)
SInv    +            (boots unavailable)
Will    .....        f - amulet of reflection
Stlth   +++          n - +6 ring of intelligence
HPRegen 0.22/turn    (no ring)
MPRegen 0.11/turn

%: reflection
@: invisible, very quick
A: very small, no large weapons, unfitting armour, see invisible, speed 3
a: no special abilities


You were on level 3 of the Dungeon.
You visited 1 branch of the dungeon, and saw 3 of its levels.

You collected 39 gold pieces.

Inventory:

Hand Weapons
 h - a +2 dagger of speed (weapon)
Missiles
 g - 3 poisoned darts
Armour
 b - a +0 robe (worn)
Jewellery
 f - an amulet of reflection (around neck)
 n - a +6 ring of intelligence (left hand)
 o - a ring of protection from fire
 p - a ring of magical power
Scrolls
 a - a scroll of fog
 j - a scroll of enchant weapon {unknown}
 l - 2 scrolls of identify {unknown}
 m - 3 scrolls of teleportation {unknown}
 q - a scroll of noise {unknown}
Potions
 c - a potion of invisibility
 d - a potion of mutation {unknown}
 e - a potion of flight {unknown}
 i - a potion of might {unknown}
 k - a potion of curing {unknown}


   Skills:
 + Level 1.6 Short Blades
 + Level 3.2 Dodging
 + Level 4.8 Stealth
 + Level 3.0 Spellcasting
 * Level 4.4 Hexes
 * Level 1.0 Ice Magic


You couldn't memorise any spells.
You knew the following spells:

 Your Spells              Type           Power      Damage    Failure   Level
a - Ensorcelled Hibernat  Hex/Ice        32%        N/A       5%          2
b - Confusing Touch       Hex            24%        N/A       5%          3
c - Tukima's Dance        Hex            24%        N/A       5%          3

Your spell library contained the following spells:

 Spells                   Type           Power      Damage    Failure   Level
 Dazzling Flash           Conj/Hex       28%        N/A       13%         3
 Scorch                   Fire           6%         2d5       16%         2
 Flame Wave               Conj/Fire      3%         2d5       71%         4
 Summon Cactus Giant      Summ           1%         N/A       100%        6


Dungeon Overview and Level Annotations

Branches:
Dungeon (3/15)

Altars:
Dithmenos

Annotations:
D:3 Jessica


Innate Abilities, Weirdness & Mutations

You are very small and have problems with some larger weapons.
You are too small for most types of armour.
You have supernaturally acute eyesight. (SInv)
You cover ground extremely quickly. (Speed+++)


Message History

You fall into a shaft and drop 1 floor!
The shaft crumbles and collapses.
Found a stone staircase leading down.
This spell is extremely dangerous to cast!
Memorise Tukima's Dance, consuming 3 spell levels and leaving 0?
You start memorising the spell.
You continue memorising. x3
You finish memorising.
Spell assigned to 'c'.
Okay, then.
A goblin comes into view. It is wielding a +0 dagger.
Found a stone staircase leading down.
Found a scroll labelled KITY BIUSUDUGURU.
Found a glowing iron ring and 9 gold pieces.
Found 32 gold pieces.
Found a shadowy altar of Dithmenos.
Found a throwing net.
Found 9 stones and a whip.
p - a ring of magical power Jessica the Apprentice Sorceress comes into view.
She is wielding a +0 dagger.
You see here a scroll labelled KITY BIUSUDUGURU.
q - a scroll labelled KITY BIUSUDUGURU The goblin closely misses you.
You hit the goblin.
The goblin is moderately wounded.
You closely miss the goblin.
The goblin is moderately wounded.
The goblin hits you with a +0 dagger.
You hit the goblin.
You kill the goblin!
Things that are here:
a +0 dagger; a goblin corpse You start resting.
HP restored.
Jessica shouts!
Jessica points at you and mumbles some strange words.
Pain shoots through your body!
Ouch! That really hurt!
* * * LOW HITPOINT WARNING * * *
You fade into invisibility!
Jessica points at you and mumbles some strange words.
Pain shoots through your body!
You die...

................
#..#######..........
##.)#..(..#..........
#...#..$$.#..........
...#.._$.#..........
#@#.$...#..........
#(#$....#.).#####.#
##..##.###+###...#......
.......@.......###......
#####..........###......
#.......>...........
#..........###......
############ #......
#...... #....>. #######


You could see Jessica (unable to see you).

Vanquished Creatures
  A worm (D:2)
  4 ball pythons
  3 bats
  5 endoplasms
  2 giant cockroaches (D:1)
  5 goblins
  5 hobgoblins
  7 jackals (D:1)
  6 kobolds
  2 quokkas (D:1)
  A frilled lizard (D:1)
  2 rats (D:2)
43 creatures vanquished.

Notes
Turn   | Place    | Note
-------+----------+-------------------------------------------
     0 | D:1      | LynnLen the Spriggan Enchanter began the quest for the Orb.
     0 | D:1      | Reached XP level 1. HP: 9/9 MP: 5/5
   453 | D:1      | Reached XP level 2. HP: 13/13 MP: 6/6
   456 | D:1      | Learned a level 2 spell: Ensorcelled Hibernation
  1372 | D:1      | Reached XP level 3. HP: 11/16 MP: 8/8
  1376 | D:1      | Learned a level 3 spell: Confusing Touch
  2367 | D:2      | Reached skill level 1 in Ice Magic
  2449 | D:2      | You fall into a shaft and drop 1 floor!
  2454 | D:3      | Learned a level 3 spell: Tukima's Dance
  2466 | D:3      | Found a shadowy altar of Dithmenos.
  2476 | D:3      | Noticed Jessica
  2510 | D:3      | Killed from afar by Jessica

Illustrated notes

Levels and vault maps discovered:
D:1:      dpeg_arrival_three_smaller_balls, layout_rooms
D:2:      layout_loops_ring
D:3:      layout_rooms, nicolae_qazlal_scattered_showers, amcnicky_altar_gilded,
          uniq_jessica

Skill      XL: |  1  2  3 |
---------------+----------+-----
Dodging        | 3 |  3.2
Hexes          | 4 |  4.4
Spellcasting   | 3 |  3.0
Ice Magic      | 1 |  1.0
Short Blades   | |  1.6
Stealth        | |  4.8

Action                     || total
---------------------------++-------
  Melee: Dagger            ||   191
         Punch             ||     2
   Cast: Ensorcelled Hiber ||     9
    Use: Scroll            ||     2
         Potion            ||     1
   Stab: Sleeping          ||     9
 Armour: Robe              ||    13
  Dodge: Dodged            ||   122
  Block: Other             ||    14
